 Dungeon Crawl Stone Soup version 0.23-a0-644-gb60d84b (webtiles) character file.

407 Borgoz the Skirmisher (level 6, -8/57 HPs)
             Began as a Ghoul Abyssal Knight on Jan 1, 2019.
             Was a Believer of Lugonu.
             Mangled by an ogre
             ... wielding a +0 giant spiked club
              (17 damage)
             ... on level 4 of the Dungeon.
             The game lasted 00:08:43 (3136 turns).

Borgoz the Skirmisher (Ghoul Abyssal Knight)        Turns: 3136, Time: 00:08:44

Health: -8/57      AC: 11    Str: 16    XL:     6   Next: 88%
Magic:  6/6        EV: 11    Int:  7    God:    Lugonu [**....]
Gold:   140        SH:  0    Dex: 10    Spells: 5/5 levels left

rFire    + + .     SeeInvis .   b - +3 whip (elec)
rCold    + . .     Gourm    .   (no shield)
rNeg     + + +     Faith    .   v - +2 ring mail {rF+}
rPois    ∞         Spirit   .   o - +2 helmet
rElec    .         Reflect  .   (no cloak)
rCorr    .         Harm     .   (no gloves)
MR       .....                  (no boots)
Stlth    ..........             (no amulet)
HPRegen  0.00/turn              n - ring of protection from fire
MPRegen  0.10/turn              (no ring)

@: rotting, invisible
A: rotting body, claws 1, carnivore, cold resistance 1, negative energy
resistance 3, inhibited regeneration, torment resistance, unbreathing
a: Depart the Abyss, Bend Space, Renounce Religion


You were on level 4 of the Dungeon.
You worshipped Lugonu.
Lugonu was pleased with you.
You were not hungry.

You visited 1 branch of the dungeon, and saw 5 of its levels.
You visited the Abyss 1 time.

You collected 140 gold pieces.

Inventory:

Hand Weapons
 a - a +1 hand axe
 b - a +3 whip of electrocution (weapon)
Missiles
 e - 7 tomahawks
 s - 5 exploding tomahawks (quivered)
Armour
 o - a +2 helmet (worn)
 v - a +2 ring mail of fire resistance (worn)
Jewellery
 d - an uncursed ring of wizardry
 g - an uncursed ring of flight
 n - a ring of protection from fire (left claw)
 r - an uncursed ring of poison resistance
Scrolls
 h - 2 scrolls of teleportation
 l - a scroll of enchant armour
Potions
 k - a potion of ambrosia
 t - a potion of curing
 x - a potion of degeneration
 z - a potion of resistance
Comestibles
 c - 6 rations


   Skills:
 + Level 5.9 Fighting
 + Level 2.0 Axes
 + Level 4.1 Armour
 + Level 2.6 Dodging
 - Level 2.0 Invocations


You had 5 spell levels left.
You didn't know any spells.
Your spell library was empty.

Dungeon Overview and Level Annotations

Branches:
Dungeon (5/15)
 Temple: D:4-7

Altars:

Annotations:
D:3 2 transporters


Innate Abilities, Weirdness & Mutations

Your body is rotting away.
You thrive on raw meat.
You are immune to poison.
You have sharp fingernails.
You are carnivorous and can eat meat at any time.
Your flesh is cold resistant. (rC+)
You are immune to negative energy. (rN+++)
You do not regenerate when monsters are visible.
You are immune to unholy pain and torment.
You can survive without breathing.


Message History

The ogre is lightly wounded.
The ogre hits you with a +0 giant spiked club!!
You hit the ogre.
The ogre is moderately wounded.
The ogre misses you.
You hit the ogre.
The ogre is heavily wounded.
The ogre hits you but does no damage.
You barely miss the ogre.
The ogre is heavily wounded.
You barely miss the ogre.
The ogre is heavily wounded.
The ogre barely misses you.
You hit the ogre.
The ogre is heavily wounded.
The ogre hits you with a +0 giant spiked club!
* * * LOW HITPOINT WARNING * * *
You fade into invisibility!
The ogre hits you with a +0 giant spiked club!
You die...

#.............
<[.........(.........#
#....................#
.......#...##........#
##.###.#.####........#
............+........+
..#.....###.#........#
..#.........#........#
.....#..#####...@O...#
....##...# #........#
.........# #.########
..#......# #.#
###...##.# #.#
......##.# #.#
.........####.#
...........##.#
.......###.##.#


You could see an ogre.

Vanquished Creatures
  A centaur (D:3)
  An orc wizard (D:3)
  A bullfrog skeleton (D:4)
  Natasha (D:4)
  Terence (D:3)
  A worker ant (D:4)
  3 gnolls (D:2)
  9 adders
  3 oozes
  An adder skeleton (D:4)
  3 worms
  A leopard gecko (D:2)
  4 orcs
  7 bats
  A giant cockroach (D:1)
  8 goblins
  8 hobgoblins
  9 kobolds
  4 frilled lizards
  A quokka skeleton (D:4)
  6 rats
74 creatures vanquished.

Vanquished Creatures (others)
  2 starspawn tentacles (Abyss:2)
2 creatures vanquished.

Grand Total: 76 creatures vanquished

Notes
Turn   | Place    | Note
-------+----------+-------------------------------------------
     0 | Abyss:1  | Borgoz the Ghoul Abyssal Knight began the quest for the
                  | Orb.
     0 | Abyss:1  | Reached XP level 1. HP: 19/19 MP: 1/1
    69 | Abyss:2  | Noticed a large abomination
   150 | Abyss:2  | Noticed a tentacled starspawn
   153 | Abyss:2  | Noticed an efreet
   155 | D:1      | Escaped the Abyss
   221 | D:1      | Reached XP level 2. HP: 18/27 MP: 2/2
   224 | D:1      | Reached * piety under Lugonu
   305 | D:1      | Reached skill level 4 in Fighting
   638 | D:1      | Reached skill level 1 in Dodging
   711 | D:1      | Reached XP level 3. HP: 33/33 MP: 3/3
  1602 | D:2      | Reached XP level 4. HP: 24/41 MP: 4/4
  1781 | D:2      | Reached ** piety under Lugonu
  2027 | D:3      | Found a transporter.
  2120 | D:3      | Noticed a centaur
  2124 | D:3      | Killed a centaur
  2124 | D:3      | Reached skill level 5 in Fighting
  2124 | D:3      | Reached XP level 5. HP: 34/48 MP: 5/5
  2203 | D:2      | Reached XP level 6. HP: 56/56 MP: 6/6
  2525 | D:3      | Noticed Terence
  2535 | D:3      | Killed Terence
  2647 | D:3      | Found a transporter.
  2745 | D:4      | Noticed Natasha
  2749 | D:4      | Killed Natasha
  3073 | D:5      | Entered Level 5 of the Dungeon
  3136 | D:4      | Mangled by an ogre

Vault maps used:
D:1:      dpeg_arrival_orchard
D:3:      gammafunk_steamed_eel, uniq_terence
D:4:      uniq_natasha
D:5:      minmay_temple_entry_ruins, first_ration, gup_sewer_entry_spiral
Abyss:1:  evilmike_abyss_exit_mutagenic
Abyss:2:  due_exit_kobolds, hangedman_abyss_town, evilmike_abyss_exit_17

Skill      XL: |  1  2  3  4  5  6 |
---------------+-------------------+-----
Fighting       | 4 5 |  5.9
Armour         | 2 3 4 |  4.1
Dodging        | 1 2 |  2.6
Axes           | 2 |  2.0
Invocations    | |  2.0

Action                   |  1- 3 |  4- 6 || total
-------------------------+-------+-------++-------
Melee: Whip              |   101 |   102 ||   203
       Hand axe          |       |    18 ||    18
Invok: Depart the Abyss  |     1 |       ||     1
  Use: Scroll            |     3 |     9 ||    12
       Potion            |       |     1 ||     1
  Eat: Chunk             |     7 |     6 ||    13
Armor: Leather armour    |    13 |     1 ||    14
       Chain mail        |       |    24 ||    24
       Ring mail         |       |    12 ||    12
Dodge: Dodged            |    47 |    54 ||   101

Table legend:
 A = Non-vault XP
 B = Vault XP
 C = Vault XP percentage of total XP
 D = Non-vault monster count
 E = Vault monster count
 F = Vault count percentage of total count
                 A         B        C        D         E       F
            +---------+---------+-------+---------+---------+-------
      Total |     510 |      72 |  12.4 |      72 |       2 |   2.7
            +---------+---------+-------+---------+---------+-------
        D:1 |      50 |       0 |   0.0 |      27 |       0 |   0.0
        D:2 |     147 |       0 |   0.0 |      25 |       0 |   0.0
        D:3 |     209 |      36 |  14.7 |      14 |       1 |   6.7
        D:4 |     104 |      36 |  25.7 |       6 |       1 |  14.3
            +---------+---------+-------+---------+---------+-------
